 Dungeon Crawl Stone Soup version 0.28.0-1-gb440e238dd (webtiles) character file.

Game seed: 17049929108824560029

14462 smarlow the Destroyer (level 11, -6/54 HPs)
             Began as a Deep Elf Conjurer on Feb 23, 2022.
             Was a Priest of Vehumet.
             Killed from afar by a gargoyle (21 damage)
             ... with a stone arrow
             ... on level 11 of the Dungeon.
             The game lasted 00:49:12 (16968 turns).

smarlow the Destroyer (Deep Elf Conjurer)          Turns: 16968, Time: 00:49:13

Health: -6/54      AC: 12    Str:  4    XL:     11   Next: 89%
Magic:  24/28      EV: 12    Int: 34    God:    Vehumet [***...]
Gold:   445        SH:  6    Dex: 13    Spells: 2/32 levels left

rFire   . . .      SeeInvis .   (no weapon)
rCold   . . .      Faith    .   t - +1 buckler {AC+3}
rNeg    . . .      Spirit   .   b - +0 robe {Will+}
rPois   .          Reflect  .   a - +1 helmet
rElec   .          Harm     .   E - +2 cloak
rCorr   .          Rampage  .   i - +0 pair of gloves
Will    ++...                   (no boots)
Stlth   ++........              (no amulet)
HPRegen 0.18/turn               s - +6 ring of intelligence
MPRegen 0.21/turn               (no ring)

@: no status effects
A: no striking features
a: Renounce Religion


You were on level 11 of the Dungeon.
You worshipped Vehumet.
Vehumet was most pleased with you.
You visited 1 branch of the dungeon, and saw 11 of its levels.

You collected 475 gold pieces.
You spent 30 gold pieces at shops.

Inventory:

Missiles
 I - a throwing net
Armour
 a - a +1 helmet (worn)
 b - a +0 robe of willpower (worn)
 c - the -5 pair of boots of the New World {rC+ Dex+3}
   (You found it on level 9 of the Dungeon)

   Dex:       It affects your dexterity (+3).
   rC:        It protects you from cold.
 e - a scarf of repulsion
 i - a +0 pair of gloves (worn)
 t - a +1 buckler of protection (worn)
 E - a +2 cloak (worn)
Jewellery
 m - a +4 ring of evasion
 s - a +6 ring of intelligence (left hand)
 y - an amulet of guardian spirit
Wands
 p - a wand of iceblast (5)
 v - a wand of flame (12)
 A - a wand of acid (7)
 C - a wand of polymorph (11)
 G - a wand of mindburst (4)
Scrolls
 h - 2 scrolls of magic mapping
 l - a scroll of teleportation
 n - a scroll of fear
 o - a scroll of immolation {unknown}
 r - a scroll of amnesia {unknown}
 u - a scroll of torment {unknown}
 x - a scroll of enchant armour
 B - a scroll of noise {unknown}
 D - a scroll of holy word {unknown}
 F - a scroll of blinking {unknown}
 H - 3 scrolls of identify
 J - 2 scrolls of fog
Potions
 d - 2 potions of magic
 f - 3 potions of flight {unknown}
 g - a potion of haste
 j - 3 potions of lignification
 k - 2 potions of heal wounds {unknown}
 q - 2 potions of mutation {unknown}
 w - a potion of ambrosia {unknown}
 z - 3 potions of attraction {unknown}
 K - a potion of might {unknown}


   Skills:
 - Level 6.3 Armour
 - Level 2.4 Dodging
 - Level 2.4 Stealth
 - Level 5.8 Shields
 + Level 11.3 Spellcasting
 * Level 13.6 Conjurations
 + Level 5.7 Summonings
 - Level 5.0 Translocations
 + Level 2.5 Poison Magic


You had 2 spell levels left.
You knew the following spells:

 Your Spells              Type           Power      Damage    Failure   Level
a - Magic Dart            Conj           100%       1d8       0%          1
b - Searing Ray           Conj           100%       2d8       0%          2
c - Iskenderun's Mystic   Conj/Tloc      70%        2d14      1%          4
d - Fulminant Prism       Conj/Hex       30%        3d16      1%          4
e - Dazzling Flash        Conj/Hex       100%       N/A       1%          3
f - Call Canine Familiar  Summ           55%        N/A       1%          3
g - Hailstorm             Conj/Ice       60%        3d13      1%          4
h - Frozen Ramparts       Ice            38%        1d5       2%          3
i - Stone Arrow           Conj/Erth      100%       3d13      1%          3
j - Ignite Poison         Fire/Tmut/Pois 25%        N/A       1%          3

Your spell library contained the following spells:

 Spells                   Type           Power      Damage    Failure   Level
 Sting                    Tmut/Pois      100%       1d8       1%          1
 Poisonous Vapours        Pois/Air       54%        N/A       1%          2
 Conjure Flame            Conj/Fire      60%        6-21      1%          3
 Sticky Flame             Conj/Fire      60%        2d8       1%          4
 Portal Projectile        Hex/Tloc       72%        N/A       3%          3
 Olgreb's Toxic Radiance  Pois           36%        N/A       3%          4
 Passage of Golubria      Tloc           52%        N/A       3%          4
 Tukima's Dance           Hex            19%        N/A       9%          3
 Yara's Violent Unravell  Hex/Tmut       9%         3d6       21%         5
 Cause Fear               Hex            9%         N/A       30%         4
 Ice Form                 Ice/Tmut       19%        N/A       30%         4
 Leda's Liquefaction      Hex/Erth       9%         N/A       30%         4
 Agony                    Necr           19%        N/A       63%         5
 Silence                  Hex/Air        9%         N/A       63%         5
 Simulacrum               Ice/Necr       9%         N/A       99%         6
 Dragon Form              Tmut           9%         N/A       100%        7
 Dragon's Call            Summ           27%        N/A       100%        9


Dungeon Overview and Level Annotations

Branches:
Dungeon (11/15)            Temple (0/1) D:5            Lair (0/6) D:8
    Orc (0/2) D:9

Altars:
Cheibriados
Elyvilon
Kikubaaqudgha
Ru
Trog
Vehumet
Xom
The Shining One

Shops:
D:5 *   D:7 (   D:9 (:*[

Annotations:
D:8 Harold; Maggie
D:9 3 runed translucent doors, Esekla's ghost, journeyman DsEn; Sanktem7's ghost, novice MiFi; Selrock's ghost, novice TrMo; pigah's ghost, novice OpAE
D:11 4 runed translucent doors, Snicker's ghost, weakling DsDe


Message History

The howler monkey zombie is heavily damaged.
Casting: Iskenderun's Mystic Blast (safe; 1% risk of failure)
Confirm with . or Enter, or press ? or * to list all spells.
You erupt in a blast of force!
The mystic blast hits the gargoyle.
The gargoyle is almost destroyed.
The gargoyle is knocked back by the mystic blast.
The gargoyle slams into the rock wall!
The mystic blast hits the howler monkey zombie!
You destroy the howler monkey zombie!
Vehumet accepts your kill.
You feel your power returning.
The frozen ramparts melt away.
Your surroundings suddenly seem different.
You start resting.
Magic restored.
You start resting.
A gargoyle is nearby!
You start resting.
A gargoyle is nearby!
Casting: Iskenderun's Mystic Blast (safe; 1% risk of failure)
Confirm with . or Enter, or press ? or * to list all spells.
You can't see any susceptible monsters within range! (Use Z to cast anyway.)
Casting: Iskenderun's Mystic Blast (safe; 1% risk of failure)
Confirm with . or Enter, or press ? or * to list all spells.
Aiming: Searing Ray (safe; 0% risk of failure)
Press: ? - help, Shift-Dir - straight line, f - gargoyle
Aim: a gargoyle, wielding a +0 mace (severely damaged, 92% to hit)
The searing ray hits the gargoyle but does no damage.
The gargoyle is severely damaged. (Press . to maintain the ray.)
The gargoyle hurls a stone arrow at you.
The stone arrow misses you.
The searing ray hits the gargoyle but does no damage.
The gargoyle is severely damaged.
The gargoyle hurls a stone arrow at you.
The stone arrow misses you.
The searing ray hits the gargoyle!
The gargoyle is almost destroyed.
The gargoyle hurls a stone arrow at you.
The stone arrow hits you!!
You die...

###. ###....# #..# # ####.# #..#
# ###...# #..# # ##.....# #..# #
#......# #..# # ##.9###.# #..# #
#...###.######..#####
...#...##..#............
...T.Z..@...#............
######################..####....
#.........# #..####..# #....
##.........######.....#..####....
...........<......#.#............
.................................
#################.#.#..##########
#......# ###....#


You could see a troll (wandering), a gargoyle and a howler monkey zombie.

Vanquished Creatures
  Erica (D:10)
  3 two-headed ogres
  Maurice (D:7)
  Joseph (D:8)
  A kobold demonologist (D:11)
  4 trolls
  2 wraiths
  2 shadows
  2 wyverns
  14 yaks
  A steam dragon (D:8)
  A basilisk (D:11)
  3 wargs (D:8)
  3 water moccasins
  A hornet zombie (D:8)
  7 orc warriors
  2 black bears
  11 necrophages
  3 centaurs
  6 kobold brigands
  2 gnoll sergeants
  4 bullfrogs
  A scorpion (D:4)
  2 water moccasin zombies (D:6)
  3 howler monkeys
  8 killer bees
  2 electric eels (D:9)
  17 wights
  5 centaur zombies
  4 bullfrog zombies (D:6)
  4 hounds
  A jelly (D:2)
  A gnoll shaman (D:10)
  9 orc priests
  A centaur skeleton (D:6)
  A human zombie (D:6)
  3 bullfrog skeletons
  An iguana (D:4)
  15 orc wizards
  A statue (D:5)
  A killer bee zombie (D:6)
  A hound skeleton (D:4)
  3 howler monkey zombies
  12 gnolls
  A howler monkey skeleton (D:6)
  6 adders
  2 shadow imps
  A white imp (D:8)
  2 ufetubi
  An adder skeleton (D:4)
  2 dart slugs (D:1)
  22 orcs
  6 ball pythons
  8 endoplasms
  9 goblins
  7 hobgoblins
  6 quokkas
  5 bats
  2 frilled lizards
  14 kobolds
  10 rats
275 creatures vanquished.

Vanquished Creatures (others)
  22 fulminant prisms
  A plant (D:7)
  5 withered plants
28 creatures vanquished.

Grand Total: 303 creatures vanquished

Notes
Turn   | Place    | Note
-------+----------+-------------------------------------------
     0 | D:1      | smarlow the Deep Elf Conjurer began the quest for the Orb.
     0 | D:1      | Reached XP level 1. HP: 10/10 MP: 6/6
   221 | D:1      | Reached XP level 2. HP: 15/15 MP: 6/8
   226 | D:1      | Learned a level 2 spell: Searing Ray
   445 | D:1      | Reached skill level 5 in Conjurations
   772 | D:1      | Reached XP level 3. HP: 19/19 MP: 8/10
   920 | D:1      | Found a faded altar of an unknown god.
  1003 | D:2      | Found an ancient bone altar of Kikubaaqudgha.
  1542 | D:2      | Reached XP level 4. HP: 24/24 MP: 2/12
  1577 | D:2      | Reached skill level 1 in Armour
  2045 | D:3      | Reached skill level 6 in Conjurations
  2402 | D:3      | Reached XP level 5. HP: 28/28 MP: 9/13
  2441 | D:3      | Found a shimmering altar of Xom.
  2839 | D:3      | Learned a level 4 spell: Iskenderun's Mystic Blast
  2844 | D:3      | Learned a level 4 spell: Fulminant Prism
  3000 | D:4      | Reached skill level 1 in Translocations
  3212 | D:4      | Reached skill level 5 in Spellcasting
  3212 | D:4      | Reached XP level 6. HP: 14/32 MP: 4/15
  4039 | D:4      | Found a snail-covered altar of Cheibriados.
  4039 | D:4      | Found a white marble altar of Elyvilon.
  4207 | D:4      | Reached skill level 7 in Conjurations
  4612 | D:5      | Entered Level 5 of the Dungeon
  4947 | D:5      | Found Tytug's General Store.
  5007 | D:5      | Reached XP level 7. HP: 8/36 MP: 9/17
  5381 | D:5      | Reached skill level 1 in Shields
  5595 | D:5      | Found a staircase to the Ecumenical Temple.
  5649 | D:5      | Found a radiant altar of Vehumet.
  5926 | D:5      | Reached skill level 8 in Conjurations
  5926 | D:5      | Reached XP level 8. HP: 38/41 MP: 9/19
  6495 | D:5      | Became a worshipper of Vehumet
  7685 | D:6      | Found a sacrificial altar of Ru.
  7732 | D:6      | Reached skill level 9 in Conjurations
  7842 | D:6      | Reached XP level 9. HP: 45/45 MP: 4/22
  7945 | D:6      | Found an ancient bone altar of Kikubaaqudgha.
  8021 | D:6      | Reached * piety under Vehumet
  8021 | D:6      | Offered knowledge of Sandblast by Vehumet.
  8034 | D:6      | Reached skill level 5 in Translocations
  8285 | D:7      | Found Quorgh's Hydra Hut.
  8290 | D:7      | Noticed a seven-headed hydra
  8371 | D:7      | Found a glowing golden altar of the Shining One.
  8505 | D:7      | Noticed a troll
  8760 | D:7      | Killed a troll
  8761 | D:7      | Reached skill level 10 in Conjurations
  9606 | D:7      | Reached XP level 10. HP: 44/50 MP: 11/24
  9922 | D:8      | Noticed Joseph
  9977 | D:8      | Noticed Maurice
 10253 | D:7      | Learned a level 3 spell: Dazzling Flash
 10257 | D:7      | Learned a level 3 spell: Call Canine Familiar
 10274 | D:7      | Killed Maurice
 10275 | D:7      | Reached skill level 11 in Conjurations
 10280 | D:7      | Reached skill level 5 in Armour
 10280 | D:7      | Reached skill level 1 in Summonings
 10880 | D:9      | Found Seitwur's Assorted Antiques.
 10880 | D:9      | Found Naiw's Armour Shoppe.
 10880 | D:9      | Found a runed translucent gate.
 10881 | D:9      | Found a runed translucent gate.
 10896 | D:9      | Reached ** piety under Vehumet
 10900 | D:9      | Offered knowledge of Static Discharge by Vehumet.
 11022 | D:9      | Found a runed translucent gate.
 11023 | D:9      | Found Seonut's Book Shoppe.
 11023 | D:9      | Noticed Selrock's ghost (novice TrMo)
 11024 | D:9      | Found Laomygif's Antique Weapon Shoppe.
 11332 | D:9      | Found a bloodstained altar of Trog.
 12058 | D:9      | Reached skill level 5 in Shields
 12277 | D:9      | Reached skill level 12 in Conjurations
 12401 | D:9      | Reached skill level 10 in Spellcasting
 12504 | D:9      | Identified the -5 pair of boots of the New World {rC+
                  | Dex+3}
 12542 | D:9      | Found a staircase to the Orcish Mines.
 13071 | D:9      | Noticed Esekla's ghost (journeyman DsEn)
 13071 | D:9      | Noticed Sanktem7's ghost (novice MiFi)
 13071 | D:9      | Noticed pigah's ghost (novice OpAE)
 13098 | D:10     | Entered Level 10 of the Dungeon
 13107 | D:10     | Noticed a two-headed ogre
 13108 | D:10     | Offered knowledge of Frozen Ramparts by Vehumet.
 13109 | D:10     | Reached XP level 11. HP: 54/54 MP: 11/27
 13299 | D:10     | Learned a level 4 spell: Hailstorm
 13321 | D:10     | Learned a level 3 spell: Frozen Ramparts
 13337 | D:10     | Killed a two-headed ogre
 13731 | D:10     | Noticed Erica
 14061 | D:8      | Found a staircase to the Lair.
 14061 | D:8      | Noticed a two-headed ogre
 14305 | D:8      | Reached *** piety under Vehumet
 14693 | D:8      | Noticed Harold
 14697 | D:8      | Noticed Maggie
 14885 | D:8      | Killed Joseph
 14949 | D:8      | Killed a two-headed ogre
 15351 | D:5      | Bought a scroll of identify for 30 gold pieces
 15517 | D:10     | Killed Erica
 15690 | D:11     | Offered knowledge of Stone Arrow by Vehumet.
 15737 | D:11     | Found a runed translucent gate.
 15737 | D:11     | Found a runed translucent gate.
 15738 | D:11     | Found a runed translucent gate.
 15764 | D:11     | Reached skill level 13 in Conjurations
 15844 | D:11     | Learned a level 3 spell: Stone Arrow
 15848 | D:11     | Learned a level 3 spell: Ignite Poison
 15905 | D:11     | Reached skill level 5 in Summonings
 16011 | D:11     | Reached skill level 1 in Poison Magic
 16280 | D:11     | Noticed a two-headed ogre
 16289 | D:11     | Killed a two-headed ogre
 16357 | D:11     | Found a runed translucent door.
 16361 | D:11     | Noticed a two-headed ogre
 16448 | D:11     | Noticed Snicker's ghost (weakling DsDe)
 16968 | D:11     | Killed from afar by a gargoyle

Illustrated notes

Levels and vault maps discovered:
D:1:      lightli_arrival_flooded_house, layout_rooms,
          shapermc_ecumenical_altar_mp_highgroup, minmay_misc_feat_secret_circle
D:2:      layout_rooms, basic_altar, kennysheep_generic_room_11
D:3:      layout_loops_corners, xom_butterflies
D:4:      layout_basic, gammafunk_temple_overflow_elements
D:5:      layout_basic, vehumet_statue, minmay_temple_entry_hall, serial_shops,
          shop
D:6:      layout_rooms, nicolae_ru_awakened_eye,
          lemuel_mausoleum_altar_kikubaaqudgha, serial_undead, serial_undead_e,
          serial_undead_b, serial_undead_b, serial_undead_b
D:7:      layout_basic, mainiacjoe_overflow_concentric_impassable,
          chequers_serial_rivers_marsh, doesnt_shop_hydraphobe
D:8:      layout_cave_pools, erik_lair_orcish_takeover, hex_medium, uniq_harold,
          uniq_maggie, uniq_joseph, uniq_maurice
D:9:      layout_basic, trog_book, erik_orc_2, gammafunk_ghost_cemetery,
          minmay_shop_grid_forest, hangedman_decor_growths
D:10:     layout_loops_ring, lemuel_coloured_pillars_altar, uniq_erica
D:11:     minmay_recursive_quarters, layout_small_grid,
          gammafunk_ghost_spectres, serial_glass, glass_columns_a,
          glass_columns_a, st_stairs_14, lightli_airlock

Skill      XL: |  1  2  3  4  5  6  7  8  9 10 11 |
---------------+----------------------------------+-----
Conjurations   | 5 6 7 8 9 10 12 13 | 13.6
Spellcasting   | 4 5 6 7 8 10 11 | 11.3
Armour         | 1 2 3 4 5 6 |  6.3
Translocations | 1 2 3 4 5 |  5.0
Shields        | 1 2 4 5 |  5.8
Summonings     | 3 5 |  5.7
Poison Magic   | 2 |  2.5
Dodging        | |  2.4
Stealth        | |  2.4

Action                   |  1- 3 |  4- 6 |  7- 9 | 10-12 || total
-------------------------+-------+-------+-------+-------++-------
Melee: Unarmed           |       |     6 |       |     3 ||     9
 Cast: Magic Dart        |    74 |    95 |   127 |   178 ||   474
       Searing Ray       |     1 |    10 |    36 |    63 ||   110
       Iskenderun's Myst |       |     2 |    39 |    86 ||   127
       Fulminant Prism   |       |       |       |    22 ||    22
       Call Canine Famil |       |       |       |     1 ||     1
       Hailstorm         |       |       |       |     1 ||     1
       Frozen Ramparts   |       |       |       |     1 ||     1
  Use: Scroll            |       |     3 |     1 |     7 ||    11
       Potion            |       |     2 |       |     3 ||     5
Armor: Robe              |       |     2 |    16 |    23 ||    41
       Skin              |       |     5 |       |       ||     5
Dodge: Dodged            |     8 |     8 |    39 |    47 ||   102
Block: Buckler           |       |     3 |    15 |    20 ||    38
